 Dungeon Crawl Stone Soup version 0.31.0-32-g396128a36d (webtiles) character file.

Game seed: 3280629569178831047

24 Peloso the Covered (level 2, 27/27 HPs)
             Began as a Minotaur Fighter on Apr 17, 2024.
             Got out of the dungeon alive.
             The game lasted 00:01:25 (718 turns).

Peloso the Covered (Minotaur Fighter)                Turns: 718, Time: 00:01:25

Health: 27/27      AC:  9    Str: 18    XL:     2   Next: 79%
Magic:  1/1        EV:  9    Int:  5    God:
Gold:   38         SH:  4    Dex:  9    Spells: 1/1 levels left

rFire   . . .        a - +0 long sword
rCold   . . .        c - +0 buckler
rNeg    . . .        b - +0 scale mail
rPois   .            (helmet restricted)
rElec   .            (no cloak)
rCorr   .            (no gloves)
SInv    .            (no boots)
Will    .....        (no amulet) Stlth
                     (no ring)
HPRegen 0.24/turn    (no ring)
MPRegen 0.07/turn

%: no passive effects
@: no status effects
A: horns 2, retaliatory headbutt, iridescent scales 1, weak 1, wild magic 1
a: no special abilities


You escaped.
You visited 1 branch of the dungeon, and saw 1 of its levels.

You collected 38 gold pieces.

Inventory:

Hand Weapons
 a - a +0 long sword (weapon)
Armour
 b - a +0 scale mail (worn)
 c - a +0 buckler (worn)
Scrolls
 f - a scroll of identify {unknown}
 i - a scroll of silence {unknown}
 j - a scroll of revelation {unknown}
Potions
 d - a potion of might
 g - a potion of lignification


   Skills:
 + Level 4.0 Fighting
 + Level 2.9 Long Blades
 + Level 4.0 Armour
 + Level 0.2 Dodging
 + Level 4.0 Shields


You had one spell level left.
You didn't know any spells.
Your spell library was empty.

Dungeon Overview and Level Annotations

Branches:
Dungeon (1/15)

Altars:


Innate Abilities, Weirdness & Mutations

You have a pair of horns on your head.
You reflexively headbutt those who attack you in melee.
You are partially covered in iridescent scales. (AC +2)
You are weak. (Str -2)
Your spells are a little harder to cast, but a little more powerful.


Message History

A rat is nearby!
A rat is nearby!
The rat bites you but does no damage.
You slash the rat!
You kill the rat!
Your Shields skill increases to level 4!
You see here a rat corpse.
h - 2 purple potions (gained 1) Done exploring.
Done exploring.
Done exploring.
Done exploring.
It was a potion of curing.
You feel better.
It was a potion of lignification.
You turn into a tree.
Your +0 scale mail melds into your body.
Your roots penetrate the ground.
It was a potion of mutation.
You feel extremely strange.
You feel clever.
You feel your magical essence link to the dungeon's wands.
You start resting.
Your transformation is almost over.
You feel less wooden.
Your +0 scale mail unmelds from your body.
You start waiting.
Done waiting.
Unknown command.
Done exploring.
Done exploring.
You feel extremely strange.
You feel stupid.
Your magical essence no longer links to wands of the dungeon.
You feel less in control of your magic.
You feel weaker.
Iridescent scales grow over part of your body.
What level of the Dungeon? (default 1, ? - help)
You see here a rat corpse.
There is an open door here.
You see here a +0 club.
There is an empty arch of ancient stone here.
There is a staircase leading out of the dungeon here.
You have escaped!

#.#.....## #.#
#...P....### #.#
#...P......###.#
##..P.P...#..##.#
#...P.PP......#.#
#..P♣PPP....#.#.######
#.P8♣♣♣P.[............
#.P8♣PP∩..P......#....
#.P♣P@..∩..∩.......)..
##..PP.P....P♣.^...#†..
#......♣P...PP♣P...#...
#...PPPPP.PPP.8....#...
#.#.(P.....PP....#.....
#.##..P..#.....###.#..#
#..#..########## #.#.>.
##.....# #.#.## #####.#
#.#.##


There were no monsters in sight!

Vanquished Creatures
  A ball python (D:1)
  3 endoplasms (D:1)
  A giant cockroach (D:1)
  2 hobgoblins (D:1)
  3 quokkas (D:1)
  5 bats (D:1)
  2 frilled lizards (D:1)
  A goblin (D:1)
  2 kobolds (D:1)
  2 rats (D:1)
22 creatures vanquished.

Notes
Turn   | Place    | Note
-------+----------+-------------------------------------------
     0 | D:1      | Peloso the Minotaur Fighter began the quest for the Orb.
     0 | D:1      | Reached XP level 1. HP: 19/19 MP: 0/0
    70 | D:1      | Reached XP level 2. HP: 27/27 MP: 1/1
   488 | D:1      | Gained mutation: Your mind is acute. (Int +4, Str/Dex -1)
                  | [potion of mutation]
   488 | D:1      | Gained mutation: You expend magic power (3 MP) to
                  | strengthen your wands. [potion of mutation]
   636 | D:1      | Lost mutation: Your mind is acute. (Int +4, Str/Dex -1)
                  | [potion of mutation]
   636 | D:1      | Lost mutation: You expend magic power (3 MP) to strengthen
                  | your wands. [potion of mutation]
   636 | D:1      | Gained mutation: Your spells are a little harder to cast,
                  | but a little more powerful. [potion of mutation]
   636 | D:1      | Gained mutation: You are weak. (Str -2) [potion of
                  | mutation]
   636 | D:1      | Gained mutation: You are partially covered in iridescent
                  | scales. (AC +2) [potion of mutation]
   718 | D:$      | Got out of the dungeon alive.

Illustrated notes

Levels and vault maps discovered:
D:1:      spicycebolla_arrival_clurvy, layout_basic

Skill      XL: |  1  2 |
---------------+-------+-----
Armour         | 4 |  4.0
Fighting       | 4 |  4.0
Shields        | 4 |  4.0
Long Blades    | |  2.9
Dodging        | |  0.2

Action                     || total
---------------------------++-------
  Melee: Long sword        ||    47
         Headbutt          ||     6
    Use: Potion            ||     4
 Armour: Scale mail        ||    39
  Dodge: Dodged            ||    22
  Block: Buckler           ||     6
